PL
CHICAGO GOLD SOX @ PORTLAND EVERGREENS
09/04/2034
 
TOP OF THE 1ST
Chicago Gold Sox batting - Pitching for Portland Evergreens : LHP Addie Samson
Pitching: LHP Addie Samson
Batting: RHB Mario Álvarez 0-0: Ball
1-0: Swinging Strike
1-1: Reached on error, E1 (Groundball, 13S)
Batting: RHB Ramón Rodríguez 0-0: Ball
1-0: Ball
2-0: Grounds into double play, 6-4-3 (Groundball, 6M)
Batting: LHB Miguel Gazivoda 0-0: Foul Ball, location: 2F
0-1: Ball
1-1: Foul Ball, location: 2F
1-2: Ball
2-2: Foul Ball, location: 2F
2-2: Strikes out swinging
Top of the 1st over - 0 runs, 0 hits, 1 error, 0 left on base; Chicago 0 - Portland 0
BOTTOM OF THE 1ST
Portland Evergreens batting - Pitching for Chicago Gold Sox : RHP Ryunosuke Kurota
Pitching: RHP Ryunosuke Kurota
Batting: SHB Willie McGirt 0-0: Ball
1-0: Swinging Strike
1-1: Foul Ball, location: 2F
1-2: Ball
2-2: Foul Ball, location: 2F
2-2: Ball
3-2: Foul Ball, location: 2F
3-2: Base on Balls
Batting: RHB Tae-cho Han 0-0: Called Strike
Pickoff Throw to First - Error! E1
Willie McGirt to second
0-1: Ball
1-1: Swinging Strike
1-2: Foul Ball, location: 2F
1-2: Foul Ball, location: 2F
1-2: Ball
2-2: Foul Ball, location: 2F
2-2: Foul Ball, location: 2F
2-2: Foul Ball, location: 2F
2-2: Ball
3-2: Ground out 5-3 (Groundball, 56)
Batting: LHB Chris Payling 0-0: Ball
1-0: Fly out, F6 (Popup, 6MS)
Batting: SHB Billy Dotson 0-0: Ball
1-0: Ground out U3 (Groundball, 3)
Bottom of the 1st over - 0 runs, 0 hits, 1 error, 1 left on base; Chicago 0 - Portland 0
TOP OF THE 2ND
Chicago Gold Sox batting - Pitching for Portland Evergreens : LHP Addie Samson
Batting: SHB Lupo Cotto 0-0: Ball
1-0: Foul Ball, location: 2F
1-1: Foul Ball, location: 2F
1-2: Foul Ball, location: 2F
1-2: Ground out 6-3 (Groundball, 6S)
Batting: LHB Shigenobu Ohayashi 0-0: Called Strike
0-1: Ball
1-1: Ball
2-1: Swinging Strike
2-2: Ground out 4-3 (Groundball, 4)
Batting: RHB Jeb Sexton 0-0: Called Strike
0-1: SINGLE (Flyball, 78M)
Batting: RHB Jay Hood 0-0: Ball
1-0: Ball
2-0: SINGLE (Line Drive, 34D)
Jeb Sexton to second
Runner from 2nd tries for 3rd, OUT!
Top of the 2nd over - 0 runs, 2 hits, 0 errors, 1 left on base; Chicago 0 - Portland 0
BOTTOM OF THE 2ND
Portland Evergreens batting - Pitching for Chicago Gold Sox : RHP Ryunosuke Kurota
Batting: LHB Shahid Afridi 0-0: Ball
1-0: Ball
2-0: Ball
3-0: Foul Ball, location: 2F
3-1: Base on Balls
Batting: RHB Blaze Alexander 0-0: Ball
1-0: TRIPLE (Flyball, 78XD)
Shahid Afridi scores
Batting: LHB John Ennis 0-0: Ball
1-0: Foul Ball, location: 2F
1-1: Foul Ball, location: 2F
1-2: Foul Ball, location: 2F
1-2: Ball
2-2: Ball
3-2: Ground out U3 (Groundball, 3)
Batting: RHB Nelson Jaramillo 0-0: Fly out, F3 (Popup, 3SF)
Batting: LHB Calvin Wilms 0-0: Ground out U3 (Groundball, 3L)
Bottom of the 2nd over - 1 run, 1 hit, 0 errors, 1 left on base; Chicago 0 - Portland 1
TOP OF THE 3RD
Chicago Gold Sox batting - Pitching for Portland Evergreens : LHP Addie Samson
Batting: RHB Felix Plugge 0-0: Swinging Strike
0-1: Ball
1-1: Ground out 5-3 (Groundball, 56)
Batting: RHB Hirohisa Ogasawara 0-0: Fly out, F9 (Line Drive, 9)
Batting: RHB Mario Álvarez 0-0: Ground out 6-3 (Groundball, 6S)
Top of the 3rd over - 0 runs, 0 hits, 0 errors, 0 left on base; Chicago 0 - Portland 1
BOTTOM OF THE 3RD
Portland Evergreens batting - Pitching for Chicago Gold Sox : RHP Ryunosuke Kurota
Batting: SHB Willie McGirt 0-0: Called Strike
0-1: Foul Ball, location: 2F
0-2: Ball
1-2: Strikes out swinging
Batting: RHB Tae-cho Han 0-0: Ball
1-0: Ball
2-0: Called Strike
2-1: SOLO HOME RUN (Flyball, 7LD), Distance : 371 ft
Batting: LHB Chris Payling 0-0: Ball
1-0: Called Strike
1-1: Swinging Strike
1-2: Fly out, F9 (Flyball, 9D)
Batting: SHB Billy Dotson 0-0: Ground out 3-1 (Groundball, 34S)
Bottom of the 3rd over - 1 run, 1 hit, 0 errors, 0 left on base; Chicago 0 - Portland 2
TOP OF THE 4TH
Chicago Gold Sox batting - Pitching for Portland Evergreens : LHP Addie Samson
Batting: RHB Ramón Rodríguez 0-0: Fly out, F8 (Line Drive, 8LD)
Batting: LHB Miguel Gazivoda 0-0: Ground out 4-3 (Groundball, 4)
Batting: SHB Lupo Cotto 0-0: Ball
1-0: Called Strike
1-1: Called Strike
1-2: Strikes out looking
Top of the 4th over - 0 runs, 0 hits, 0 errors, 0 left on base; Chicago 0 - Portland 2
BOTTOM OF THE 4TH
Portland Evergreens batting - Pitching for Chicago Gold Sox : RHP Ryunosuke Kurota
Batting: LHB Shahid Afridi 0-0: Ball
1-0: Fly out, F7 (Flyball, 7S)
Batting: RHB Blaze Alexander 0-0: Ground out 3-1 (Groundball, 3D)
Batting: LHB John Ennis 0-0: Foul Ball, location: 2F
0-1: Fly out, F8 (Flyball, 8RXD)
Bottom of the 4th over - 0 runs, 0 hits, 0 errors, 0 left on base; Chicago 0 - Portland 2
TOP OF THE 5TH
Chicago Gold Sox batting - Pitching for Portland Evergreens : LHP Addie Samson
Batting: LHB Shigenobu Ohayashi 0-0: Ball
1-0: Called Strike
1-1: Ground out 3-1 (Groundball, 34)
Batting: RHB Jeb Sexton 0-0: Ball
1-0: Ground out 6-3 (Groundball, 6)
Batting: RHB Jay Hood 0-0: Called Strike
0-1: Ball
1-1: Foul Ball, location: 2F
1-2: Ground out 6-3 (Groundball, 6)
Top of the 5th over - 0 runs, 0 hits, 0 errors, 0 left on base; Chicago 0 - Portland 2
BOTTOM OF THE 5TH
Portland Evergreens batting - Pitching for Chicago Gold Sox : RHP Ryunosuke Kurota
Batting: RHB Nelson Jaramillo 0-0: Foul Ball, location: 2F
0-1: Foul Ball, location: 2F
0-2: Ball
1-2: Foul Ball, location: 2F
1-2: Ball
2-2: Foul Ball, location: 2F
2-2: Ball
3-2: DOUBLE (Groundball, 5L)
Batting: LHB Calvin Wilms 0-0: Ball
1-0: Ball
2-0: Called Strike
2-1: Ball
3-1: Bunt - Flyout! F2
Batting: SHB Willie McGirt 0-0: 2-RUN HOME RUN (Flyball, 9D), Distance : 387 ft
Batting: RHB Tae-cho Han 0-0: Called Strike
0-1: Foul Ball, location: 2F
0-2: Ball
1-2: Ball
2-2: Ground out 6-3 (Groundball, 6)
Batting: LHB Chris Payling 0-0: Foul Ball, location: 2F
0-1: Fly out, F9 (Flyball, 9)
Bottom of the 5th over - 2 runs, 2 hits, 0 errors, 0 left on base; Chicago 0 - Portland 4
TOP OF THE 6TH
Chicago Gold Sox batting - Pitching for Portland Evergreens : LHP Addie Samson
Batting: RHB Felix Plugge 0-0: Foul Ball, location: 2F
0-1: Ball
1-1: SINGLE (Groundball, 56D)
Batting: RHB Hirohisa Ogasawara 0-0: Ball
1-0: Called Strike
1-1: Called Strike
1-2: Ball
2-2: Strikes out looking
Batting: RHB Mario Álvarez 0-0: Ball
1-0: Called Strike
1-1: Swinging Strike
1-2: SINGLE (Groundball, 34D)
Felix Plugge to second
Runner from 2nd tries for 3rd, SAFE, no throw
Batting: RHB Ramón Rodríguez 0-0: Ball
1-0: Grounds into double play, 6-4-3 (Groundball, 6)
Top of the 6th over - 0 runs, 2 hits, 0 errors, 1 left on base; Chicago 0 - Portland 4
BOTTOM OF THE 6TH
Portland Evergreens batting - Pitching for Chicago Gold Sox : RHP Ryunosuke Kurota
Batting: SHB Billy Dotson 0-0: Ball
1-0: Called Strike
1-1: Called Strike
1-2: Ground out 6-3 (Groundball, 6)
Batting: LHB Shahid Afridi 0-0: Ball
1-0: SOLO HOME RUN (Flyball, 89XD), Distance : 421 ft
Pitching: RHP Mario Gonzáles
Batting: RHB Blaze Alexander 0-0: Called Strike
0-1: Ball
1-1: Swinging Strike
1-2: Foul Ball, location: 2F
1-2: Ball
2-2: Foul Ball, location: 2F
2-2: Ball
3-2: Strikes out looking
Batting: LHB John Ennis 0-0: Ball
1-0: Ball
2-0: Foul Ball, location: 2F
2-1: Ball
3-1: Base on Balls
Batting: RHB Nelson Jaramillo 0-0: Ball
1-0: Foul Ball, location: 2F
1-1: Swinging Strike
1-2: Strikes out swinging
Bottom of the 6th over - 1 run, 1 hit, 0 errors, 1 left on base; Chicago 0 - Portland 5
TOP OF THE 7TH
Chicago Gold Sox batting - Pitching for Portland Evergreens : LHP Addie Samson
Batting: LHB Miguel Gazivoda 0-0: Swinging Strike
0-1: Called Strike
0-2: Ball
1-2: Strikes out looking
Batting: SHB Lupo Cotto 0-0: Foul Ball, location: 2F
0-1: Foul Ball, location: 2F
0-2: Ball
1-2: Ball
2-2: Ball
3-2: Foul Ball, location: 2F
3-2: Strikes out looking
Batting: LHB Shigenobu Ohayashi 0-0: Ground out 4-3 (Groundball, 4D)
Top of the 7th over - 0 runs, 0 hits, 0 errors, 0 left on base; Chicago 0 - Portland 5
BOTTOM OF THE 7TH
Portland Evergreens batting - Pitching for Chicago Gold Sox : RHP Mario Gonzáles
Batting: LHB Calvin Wilms 0-0: Ball
1-0: Foul Ball, location: 2F
1-1: Swinging Strike
1-2: Reached on error, E6 (Groundball, 6)
Batting: SHB Willie McGirt 0-0: Ball
1-0: Ball
2-0: Ball
3-0: Ground out 4-3 (Groundball, 4MS)
Calvin Wilms to third
Batting: RHB Tae-cho Han 0-0: Ball
1-0: Foul Ball, location: 2F
1-1: Ball
2-1: Ball
3-1: Base on Balls
Batting: LHB Chris Payling 0-0: Ball
1-0: Ball
2-0: Called Strike
2-1: Fielders Choice at 2nd, 4-6 (Groundball, 34)
Calvin Wilms scores
Batting: SHB Billy Dotson 0-0: Foul Ball, location: 2F
0-1: Ball
1-1: Reached on error, E4 (Groundball, 4)
Chris Payling to second
Batting: LHB Shahid Afridi 0-0: Ball
1-0: Ball
2-0: Fly out, F8 (Flyball, 8RXD)
Bottom of the 7th over - 1 run, 0 hits, 2 errors, 2 left on base; Chicago 0 - Portland 6
TOP OF THE 8TH
Chicago Gold Sox batting - Pitching for Portland Evergreens : LHP Addie Samson
Now at C: Carlos Cardona
Batting: RHB Jeb Sexton 0-0: Foul Ball, location: 2F
0-1: Called Strike
0-2: Ball
1-2: Reached on error, E1 (Groundball, 13)
Batting: RHB Jay Hood 0-0: Called Strike
0-1: Foul Ball, location: 2F
0-2: Ball
1-2: Ball
2-2: Fly out, F9 (Flyball, 89M)
Batting: RHB Felix Plugge 0-0: Ground out U3 (Groundball, 34)
Jeb Sexton to third
Batting: RHB Hirohisa Ogasawara 0-0: Ball
1-0: Swinging Strike
1-1: Foul Ball, location: 2F
1-2: Foul Ball, location: 2F
1-2: SINGLE (Flyball, 9S)
Jeb Sexton scores
Batting: RHB Mario Álvarez 0-0: Foul Ball, location: 2F
0-1: SINGLE (Groundball, 4MD)
Hirohisa Ogasawara to second
Runner from 2nd tries for 3rd, SAFE, no throw
Batting: RHB Ramón Rodríguez 0-0: Fly out, F7 (Flyball, 7S)
Top of the 8th over - 1 run, 2 hits, 1 error, 2 left on base; Chicago 1 - Portland 6
BOTTOM OF THE 8TH
Portland Evergreens batting - Pitching for Chicago Gold Sox : RHP Mario Gonzáles
Batting: RHB Blaze Alexander 0-0: Ground out 4-3 (Groundball, 34)
Batting: LHB John Ennis 0-0: Fly out, F5 (Popup, 56S)
Batting: RHB Nelson Jaramillo 0-0: Ball
1-0: Ball
2-0: Ball
3-0: Base on Balls
Batting: RHB Carlos Cardona 0-0: Called Strike
0-1: Foul Ball, location: 2F
0-2: SINGLE (Flyball, 9LS)
Nelson Jaramillo to second
Runner from 2nd tries for 3rd, SAFE, no throw
Batting: SHB Willie McGirt 0-0: Ball
1-0: Ball
2-0: Ball
3-0: Called Strike
3-1: Base on Balls
Carlos Cardona to second
Batting: RHB Tae-cho Han 0-0: Ball
1-0: Ball
2-0: Ball
3-0: Base on Balls
Nelson Jaramillo scores
Carlos Cardona to third
Willie McGirt to second
Batting: LHB Chris Payling 0-0: Ball
1-0: Foul Ball, location: 2F
1-1: Ball
2-1: Swinging Strike
2-2: Ball
3-2: Foul Ball, location: 2F
3-2: Base on Balls
Carlos Cardona scores
Willie McGirt to third
Tae-cho Han to second
Batting: SHB Billy Dotson 0-0: Swinging Strike
0-1: Foul Ball, location: 2F
0-2: Ball
1-2: SINGLE (Groundball, 56D)
Willie McGirt scores
Tae-cho Han to third
Chris Payling to second
Runner from 3rd tries for Home, SAFE, throw made home
Batting: LHB Shahid Afridi 0-0: SINGLE (Line Drive, 4M)
Chris Payling to third
Billy Dotson to second
Runner from 3rd tries for Home, SAFE, no throw
Batting: RHB Blaze Alexander 0-0: Ball
1-0: Ball
2-0: Ball
3-0: Base on Balls
Billy Dotson to third
Shahid Afridi to second
Batting: LHB John Ennis 0-0: SINGLE (Flyball, 9LS)
Billy Dotson scores
Shahid Afridi to third
Blaze Alexander to second
Runner from 3rd tries for Home, throw and OUT!
Bottom of the 8th over - 6 runs, 4 hits, 0 errors, 2 left on base; Chicago 1 - Portland 12
TOP OF THE 9TH
Chicago Gold Sox batting - Pitching for Portland Evergreens : LHP Addie Samson
Batting: LHB Miguel Gazivoda 0-0: Ball
1-0: Fly out, F8 (Flyball, 8RXD)
Batting: SHB Lupo Cotto 0-0: Foul Ball, location: 2F
0-1: Ground out 6-3 (Groundball, 6)
Batting: LHB Shigenobu Ohayashi 0-0: Called Strike
0-1: Called Strike
0-2: Ball
1-2: Foul Ball, location: 2F
1-2: Ground out 3-1 (Groundball, 34)
Top of the 9th over - 0 runs, 0 hits, 0 errors, 0 left on base; Chicago 1 - Portland 12
Friday, March 29th, 2019 - OOTP Baseball 18.8 Build 76